 Dungeon Crawl Stone Soup version 0.18.1-48-g4cf74bf (webtiles) character file.

434 glosham the Ruffian (level 6, 0/59 HPs)
             Began as a Troll Abyssal Knight on Sept 2, 2016.
             Was a Believer of Lugonu.
             Slain by a hill giant
             ... wielding a +0 giant club
              (24 damage)
             ... on level 10 of the Dungeon.
             The game lasted 00:24:39 (1520 turns).

glosham the Ruffian (Troll Abyssal Knight)          Turns: 1520, Time: 00:24:39

Health: 0/59       AC:  6    Str: 23    XL:     6   Next: 68%
Magic:  6/6        EV: 10    Int:  8    God:    Lugonu [**....]
Gold:   155        SH:  0    Dex: 11    Spells: 2 memorised, 1 level left

rFire  . . .     SeeInvis .     a - +2 triple sword (venom)
rCold  . . .     Gourm    +     h - +1 robe
rNeg   . . .     Faith    .     (shield currently unavailable)
rPois  .         Spirit   .     i - +0 hat
rElec  .         Dismiss  .     (no cloak)
rCorr  .         Reflect  .     (gloves unavailable)
SustAt .         Harm     .     (boots unavailable)
MR     .....                    (no amulet)
Stlth  +.........               (no ring)
                                A - +2 ring of strength

@: not resistant to hostile enchantments, very unstealthy
A: unfitting armour, claws 3, fast metabolism 3, gourmand, regeneration 2,
shaggy fur 1, tough skin 2
a: Depart the Abyss, Bend Space, Renounce Religion


You were on level 10 of the Dungeon.
You worshipped Lugonu.
Lugonu was pleased with you.
You were not hungry.

You visited 1 branch of the dungeon, and saw 10 of its levels.
You visited the Abyss 1 time.

You collected 155 gold pieces.

Inventory:

Hand Weapons
 a - a +2 triple sword of venom (weapon)
Missiles
 f - 70 stones (quivered)
Armour
 h - a +1 robe (worn)
 i - a +0 hat (worn)
Jewellery
 A - a +2 ring of strength (left claw)
Wands
 d - a wand of disintegration (24/24)
Scrolls
 c - 4 scrolls of remove curse
 k - 2 scrolls of blinking
 p - a scroll of enchant armour
Potions
 e - 2 potions of brilliance
 j - 3 potions of curing {unknown}
 l - a potion of magic {unknown}
 o - a potion of flight {unknown}
Books
 n - a book of Minor Magic

   Spells                             Type                      Level
   a - Magic Dart                     Conjuration                  1
   b - Blink                          Translocation                2
   c - Call Imp                       Summoning                    2
   d - Repel Missiles                 Charms/Air                   2
   e - Slow                           Hexes                        2
   f - Conjure Flame                  Conjuration/Fire             3
   g - Mephitic Cloud                 Conjuration/Poison/Air       3
 q - a book of Geomancy

   Spells                             Type                      Level
   a - Sandblast                      Earth                        1
   b - Passwall                       Transmutation/Earth          2
   c - Stone Arrow                    Conjuration/Earth            3
   d - Petrify                        Transmutation/Earth          4
   e - Lee's Rapid Deconstruction     Earth                        5
Comestibles
 b - 4 bread rations
 g - a beef jerky
 m - 5 fruits


   Skills:
 - Level 2.4 Fighting
 * Level 4.4 Long Blades
 - Level 1.9 Dodging
 - Level 4.6 Unarmed Combat
 - Level 1.5 Invocations


You had one spell level left.
You knew the following spells:

 Your Spells              Type           Power        Failure   Level  Hunger
b - Blink                 Tloc           N/A          69%         2    ###....
d - Repel Missiles        Chrm/Air       #.....       69%         2    ###....


Dungeon Overview and Level Annotations

Branches:
Dungeon (10/15)
 Temple: D:4-7         Lair: D:8-11         Orc: D:9-12

Altars:
Ashenzari
Qazlal
Vehumet

Annotations:
D:10 Maud


Innate Abilities, Weirdness & Mutations

You are too large for most types of armour.
You have claws for hands.
Your metabolism is lightning-fast.
You like to eat raw meat.
You heal very quickly.
You are covered in fur (AC +1).
You have very tough skin (AC +2).


Message History

You miss the giant frog.
The giant frog is almost dead.
The giant frog hits you! The giant frog barely misses you.
You closely miss the giant frog.
The giant frog is almost dead.
The giant frog barely misses you. x2; The giant frog hits you.
You slash the giant frog!
You kill the giant frog!
Lugonu accepts your kill.
Your Long Blades skill increases to level 4!
You now have 155 gold pieces (gained 10).
Found a scroll of enchant armour.
A worker ant comes into view.
The worker ant twitches its antennae in your direction.
You slash the worker ant!
The worker ant is poisoned.
The worker ant is severely wounded.
You kill the worker ant!
Lugonu accepts your kill.
You can now bend space around yourself.
p - a scroll of enchant armour You open the door.
There is an open door here.
Found a papyrus book and 10 arrows.
q - a book of Geomancy Read which item? (? for menu, Esc to quit)
Found a potion of brilliance.
Found an escape hatch in the ceiling.
e - 2 potions of brilliance (gained 1)
There is an escape hatch in the ceiling here.
Found a stone staircase leading down.
A hill giant comes into view. It is wielding a giant club.
The hill giant shouts!
There is a stone staircase leading down here.
You barely miss the hill giant.
The hill giant hits you with a giant club!!!
Ouch! That really hurt!
Maud the Forgotten comes into view.
She is wielding an enchanted battleaxe.
There is a stone staircase leading down here.
Maud screams, "Give me 'Entarex'!"
The hill giant hits you with a giant club!!
You die...

#.........####...#########.#
+.........'.................
#.........##.......#######.#
##.......###.##.##.#
##.....## #.###...# ##...##
#.# #<#.# ##+## #.# #.#.# #
#.###.#.# #. #.(..@..# ##.#
#####C### ##...#### #.#
#.....>.# #@#
##..###.######.# ....
#....@...# .### #.########
...# .....#


You could see Maud and a hill giant.

Vanquished Creatures
  A centaur (D:8)
  A giant frog (D:10)
  A small abomination (Abyss:1)
  A quasit (Abyss:1)
  A hound (D:8)
  An iguana (D:5)
  3 worker ants
  A hound skeleton (D:7)
  2 adders
  A white imp (Abyss:1)
  An ooze (D:1)
  An adder skeleton (D:5)
  A dart slug (D:1)
  2 giant geckos (D:1)
  A giant cockroach (D:2)
  2 goblins (D:1)
  6 hobgoblins (D:1)
  2 jackals (D:1)
  2 kobolds (D:1)
  2 ball pythons
  4 bats
  2 giant newts (D:1)
  3 rats
42 creatures vanquished.

Notes
Turn   | Place    | Note
--------------------------------------------------------------
     0 | Abyss:1  | glosham the Troll Abyssal Knight began the quest for the Orb.
     0 | Abyss:1  | Reached XP level 1. HP: 22/22 MP: 1/1
    86 | Abyss:1  | Noticed a quasit
   108 | Abyss:1  | Killed a quasit
   108 | Abyss:1  | Reached skill level 3 in Unarmed Combat
   108 | Abyss:1  | Reached XP level 2. HP: 25/29 MP: 2/2
   108 | Abyss:1  | Reached XP level 3. HP: 31/36 MP: 3/3
   124 | Abyss:1  | Noticed a small abomination
   128 | Abyss:1  | Noticed a sixfirhy
   138 | Abyss:1  | Killed a small abomination
   138 | Abyss:1  | Reached skill level 4 in Unarmed Combat
   138 | Abyss:1  | Reached XP level 4. HP: 31/44 MP: 4/4
   190 | Abyss:2  | Found a deep blue altar of Sif Muna.
   210 | Abyss:2  | Noticed a freezing wraith
   226 | D:1      | Escaped the Abyss
   527 | D:1      | Reached * piety under Lugonu
   581 | D:1      | Reached skill level 1 in Long Blades
  1141 | D:4      | Found a stormy altar of Qazlal.
  1143 | D:4      | Noticed an earth elemental
  1144 | D:4      | Noticed an air elemental
  1144 | D:4      | Noticed a water elemental
  1144 | D:4      | Noticed a fire elemental
  1169 | D:4      | Reached XP level 5. HP: 42/50 MP: 5/5
  1183 | D:4      | Reached skill level 2 in Long Blades
  1201 | D:5      | Entered Level 5 of the Dungeon
  1314 | D:7      | Found a radiant altar of Vehumet.
  1323 | D:7      | Reached skill level 3 in Long Blades
  1336 | D:7      | Learned a level 2 spell: Blink
  1339 | D:7      | Learned a level 2 spell: Repel Missiles
  1350 | D:7      | Found a shattered altar of Ashenzari.
  1374 | D:8      | Noticed a centaur
  1380 | D:8      | Killed a centaur
  1380 | D:8      | Reached XP level 6. HP: 59/59 MP: 6/6
  1437 | D:10     | Entered Level 10 of the Dungeon
  1445 | D:10     | Reached skill level 4 in Long Blades
  1463 | D:10     | Reached ** piety under Lugonu
  1505 | D:10     | Noticed a hill giant
  1508 | D:10     | Noticed Maud
  1520 | D:10     | Slain by a hill giant

Skill      XL: |  1  2  3  4  5  6 |
---------------+-------------------+-----
Unarmed Combat | 3 4 |  4.6
Long Blades    | 1 3 4 |  4.4
Fighting       | |  2.4
Dodging        | |  1.9
Invocations    | |  1.5

Action                   |  1- 3 |  4- 6 || total
-------------------------+-------+-------++-------
Melee: Unarmed           |    10 |       ||    10
       Triple sword      |       |   111 ||   111
Invok: Depart the Abyss  |       |     1 ||     1
  Use: Scroll            |     1 |     6 ||     7
       Potion            |       |     1 ||     1
 Stab: Sleeping          |       |     1 ||     1
  Eat: Chunk             |       |    12 ||    12
Armor: Robe              |     7 |    62 ||    69
Dodge: Dodged            |     4 |    88 ||    92

Table legend:
 A = Turns spent in this place as a percentage of turns spent in the entire game.
 B = Non-inter-level travel turns spent in this place as a percentage of non-inter-level travel turns spent in the entire game.
 C = Inter-level travel turns spent in this place as a percentage of turns spent in this place.
 D = Turns resting spent in this place as a percentage of non-inter-level travel turns spent in this place.
 E = Turns spent auto-exploring this place as a percentage of non-inter-level travel turns spent in this place.
 F = Non-inter-level travel turns spent in this place divided by the number of levels of this place that you've seen.
                   A       B       C       D       E      F
               +-------+-------+-------+-------+-------+----------------------
         Total | 100.0 | 100.0 |   0.3 |   0.5 |   0.0 |  99.9
       Dungeon |  81.0 |  81.0 |   0.4 |   0.2 |   0.0 |  97.1
         Abyss |  19.0 |  19.0 |   0.0 |   1.8 |   0.0 | 114.0
               +-------+-------+-------+-------+-------+----------------------

Table legend:
 A = Kills in this place as a percentage of kills in entire the game.
 B = Kills by you in this place as a percentage of kills by you in the entire game.
 C = Kills by friends in this place as a percentage of kills by friends in the entire game.
 D = Other kills in this place as a percentage of other kills in the entire game.
 E = Experience gained in this place as a percentage of experience gained in the entire game.
 F = Experience gained in this place divided by the number of levels of this place that you have seen.
                   A       B       C       D       E      F
               +-------+-------+-------+-------+-------+----------------------
         Total | 100.0 | 100.0 |  -nan |  -nan | 100.0 |  51.8
       Dungeon |  92.9 |  92.9 |  -nan |  -nan |  79.4 |  49.3
         Abyss |   7.1 |   7.1 |  -nan |  -nan |  20.6 |  64.0
               +-------+-------+-------+-------+-------+----------------------

Vault maps used:
D:1:      lightli_arrival_lavapool
D:2:      lightli_temple_of_fire, uniq_iyjb
D:3:      lemuel_doored_altar, first_bread, minivault_19, grunt_ministairs_12
D:4:      old_forge, serial_shops, nicolae_shop_crystal,
          nicolae_qazlal_style_of_elements, uniq_robin, uniq_eustachio
D:5:      minmay_opposing_rooms, grunt_temple_overflow_cloverleaf
D:6:      overflow_temple_1_default, kennysheep_decorative_pillar
D:7:      fiery_altar_vehumet, temple_green, nicolae_ashenzari_panopticon
D:8:      minmay_curly_fans, grunt_dithmenos_smoke, kennysheep_mini,
          minmay_lair_entry_grove, serial_shops, nicolae_shop_behind_doors,
          special_room, uniq_erica
D:9:      lemuel_coloured_pillars_altar, hangedman_ranch, uniq_maurice
D:10:     hangedman_glass_teeth, introduction_to_nature_2, uniq_maud
